 Dungeon Crawl Stone Soup version 0.18.1-8-gdd0e5ea (webtiles) character file.

137 Quirk the Skirmisher (level 5, -1/34 HPs)
             Began as a Gargoyle Fighter on May 23, 2016.
             Slain by Grinder (2 damage)
             ... while paralysed by Grinder
             ... on level 3 of the Dungeon.
             The game lasted 00:04:42 (2266 turns).

Quirk the Skirmisher (Gargoyle Fighter)             Turns: 2266, Time: 00:04:43

Health: -1/34      AC: 12    Str: 20    XL:     5   Next: 20%
Magic:  6/14       EV:  2    Int:  8    God:
Gold:   105        SH:  0    Dex: 10    Spells: 0 memorised, 4 levels left

rFire  . . .     SeeInvis .     l - +2 whip (venom)
rCold  . . .     Gourm    .     b - +1 scale mail
rNeg   + . .     Faith    .     c - +0 shield
rPois  ∞         Spirit   .     (no helmet)
rElec  +         Dismiss  .     (no cloak)
rCorr  .         Reflect  .     (no gloves)
SustAt .         Harm     .     (no boots)
MR     .....                    (no amulet)
Stlth  ..........               (no ring)
                                j - ring of magical power

@: paralysed, not resistant to hostile enchantments, extremely unstealthy
A: negative energy resistance 1, electricity resistance, unbreathing,
petrification resistance, rot immunity, AC +4
a: no special abilities


You were on level 3 of the Dungeon.
You were not hungry.

You visited 1 branch of the dungeon, and saw 3 of its levels.

You collected 105 gold pieces.

Inventory:

Hand Weapons
 a - a +0 flail
 l - a +2 whip of venom (weapon)
 r - a +2 vampiric war axe
 t - a +8 dagger of freezing
Armour
 b - a +1 scale mail (worn)
 c - a +0 shield (worn)
Jewellery
 j - a ring of magical power (left hand)
Scrolls
 k - 5 scrolls of identify
Potions
 d - a potion of might
 g - 5 potions of curing
 i - a potion of brilliance {unknown}
 n - a potion of heal wounds {unknown}
 q - a potion of haste {unknown}
 s - a potion of degeneration {unknown}
Comestibles
 f - 2 bread rations
 h - a meat ration


   Skills:
 * Level 4.4 Fighting
 + Level 2.4 Maces & Flails
 * Level 4.1 Armour
 + Level 1.2 Dodging
 * Level 4.1 Shields


You had 4 spell levels left.
You didn't know any spells.

Dungeon Overview and Level Annotations

Branches:
Dungeon (3/15)

Altars:
Elyvilon
Trog
Zin
The Shining One

Annotations:
D:3 Grinder; Kenran's ghost, amateur CeMo


Innate Abilities, Weirdness & Mutations

You are resistant to torment.
Your stone body is resilient (AC +4).
You are immune to poison.
You resist negative energy.
You are resistant to electric shocks.
You can survive without breathing.
You are immune to petrification.
You are immune to rotting.


Message History

You completely miss Grinder.
Grinder is lightly wounded.
Grinder gestures at you. You resist with significant effort.
You closely miss Grinder.
Grinder is moderately wounded.
Grinder gestures at you. Pain shoots through your body!
* * * LOW HITPOINT WARNING * * *
Your scale mail prevents you from hitting Grinder.
Grinder is lightly wounded.
Grinder gestures at you.
You suddenly lose the ability to move!
Grinder says, "FISH!"
Grinder gestures at you. Pain shoots through your body!
* * * LOW HITPOINT WARNING * * *
Grinder hits you but does no damage. Grinder hits you.
You die...

,,,,,,,,,,* *,*,,*,,,,,,,,* ****,
,,,*,,,,,,* *,,,,,,*,,,,,,* *,,,,
*,***,***** #,**,,,,,,,,,,* *,**,
,** **,** #.***,********* *,**,
** **,* #.##*,* *,**, ,** **,**
#...,** *,**, *,***,**
##.#.######## *,,,, **,*,***
##...........# ****, ,,,,,,,*
#.._..@..###.# *,
**,,**,***#.....5..#**,*********,
*,,,,,,,...[##.......,,,,,,,,,,,
**,,**,**...,,##...###.#*********
,,,,**,**#.,,,*#....,,,* ,,,,,,,*
#,,,,,....##*** ,,,,,,**
*,>,,,..### *,***,****,**,*###
*,*,,,,,,,,**,****


You could see Grinder.

Vanquished Creatures
  Ijyb (D:3)
  A worker ant (D:3)
  2 adders (D:2)
  An ooze (D:1)
  3 worms (D:2)
  4 dart slugs
  A ball python (D:2)
  5 giant cockroaches
  3 goblins (D:2)
  7 hobgoblins
  2 quokkas (D:2)
  10 bats
  4 giant newts
  6 kobolds
  3 rats (D:1)
53 creatures vanquished.

Notes
Turn   | Place    | Note
--------------------------------------------------------------
     0 | D:1      | Quirk the Gargoyle Fighter began the quest for the Orb.
     0 | D:1      | Reached XP level 1. HP: 14/14 MP: 1/1
   224 | D:1      | Reached XP level 2. HP: 18/19 MP: 2/2
   598 | D:1      | Reached XP level 3. HP: 18/24 MP: 3/3
  1475 | D:2      | Reached skill level 1 in Dodging
  1561 | D:2      | Found a glowing golden altar of the Shining One.
  1561 | D:2      | Found a glowing silver altar of Zin.
  1564 | D:2      | Found a white marble altar of Elyvilon.
  1577 | D:2      | Reached XP level 4. HP: 29/29 MP: 4/4
  1972 | D:3      | Noticed Kenran's ghost (amateur CeMo)
  2152 | D:3      | Noticed Ijyb
  2167 | D:3      | Killed Ijyb
  2172 | D:3      | Reached XP level 5. HP: 14/34 MP: 5/5
  2254 | D:3      | Found a bloodstained altar of Trog.
  2254 | D:3      | Noticed Grinder
  2263 | D:3      | Paralysed by Grinder for 7 turns
  2264 | D:3      | HP: 1/34 [Grinder/nerve-wracking pain (9)]
  2266 | D:3      | Slain by Grinder

Skill      XL: |  1  2  3  4 |
---------------+-------------+-----
Fighting       | 4 |  4.4
Dodging        | 1 |  1.2
Armour         | 4 |  4.1
Shields        | 4 |  4.1
Maces & Flails | |  2.4

Action                   |  1- 3 |  4- 6 || total
-------------------------+-------+-------++-------
Melee: Flail             |    70 |       ||    70
       Whip              |    53 |    71 ||   124
  Use: Scroll            |       |     5 ||     5
  Eat: Chunk             |     2 |     3 ||     5
Armor: Scale mail        |    53 |    30 ||    83
Dodge: Dodged            |    33 |    23 ||    56
Block: Shield            |    68 |    25 ||    93
